 Dungeon Crawl Stone Soup version 0.30-a0-652-gcc886f7154 (webtiles) character file.

Game seed: 17469879908616565680

26152 bande the Cleaver (level 13, -14/80 HPs)
             Began as a Gargoyle Fighter on Jan 17, 2023.
             Was a High Priest of Okawaru.
             Demolished by an azure jelly (21 damage)
             ... in an ice cave.
             The game lasted 00:22:17 (12758 turns).

bande the Cleaver (Gargoyle Fighter)               Turns: 12758, Time: 00:22:18

Health: -14/80     AC: 34    Str: 20    XL:     13   Next: 24%
Magic:  2/19       EV:  8    Int: 10    God:    Okawaru [*****.]
Gold:   1046       SH: 14    Dex: 13    Spells: 11/12 levels left

rFire   . . .      SeeInvis +    H - +4 broad axe of Proximity {flame, Fragile Fly rN++}
rCold   + . .      Faith    .    w - +4 kite shield of Tangua {-Cast Will++ Slay+3 Stlth+}
rNeg    + + +      Spirit   .    j - +7 Kryia's mail coat {PotionHeal*2 rC+}
rPois   ∞          Reflect  .    k - +0 helmet
rElec   +          Harm     .    u - +1 cloak
rCorr   .          Rampage  .    (no gloves)
Will    ++...      NoCast   +    D - +0 pair of boots
Stlth   +                        (no amulet)
HPRegen 0.33/turn                b - +4 ring of protection
MPRegen 0.16/turn                p - ring of see invisible

@: flying
A: sickness immunity, AC +9, negative energy resistance 1, electricity
resistance, torment resistance 1, petrification resistance
a: Renounce Religion, Heroism, Finesse, Duel


You were in an ice cave.
You worshipped Okawaru.
Okawaru was extremely pleased with you.
You visited 3 branches of the dungeon, and saw 13 of its levels.
You also visited: Ice Cave and Volcano.

You collected 1046 gold pieces.

Inventory:

Hand Weapons
 d - a +1 battleaxe of flaming
 h - a +0 flail
 i - the +6 broad axe of Ascent {heavy, Fly rCorr Str+2 Int-5 Stlth+}
   (You acquired it on level 4 of the Dungeon)

   Str:       It affects your strength (+2).
   Int:       It affects your intelligence (-5).
   Fly:       It grants you flight.
   rCorr:     It protects you from acid and corrosion.
   Stlth:     It makes you more stealthy.
 x - a +0 broad axe
 F - a +2 war axe of pain
 H - the +4 broad axe of Proximity (weapon) {flame, Fragile Fly rN++}
   (Okawaru gifted it to you on level 2 of the Lair of Beasts)

   rN:        It greatly protects you from negative energy.
   Fly:       It grants you flight.
   Fragile:   It will be destroyed if unequipped.
Missiles
 C - 4 boomerangs of dispersal (quivered)
Armour
 j - the +7 Kryia's mail coat (worn) {PotionHeal*2 rC+}
   (You acquired it on level 5 of the Dungeon)

   PotionHeal*2: Potions heal its wearer twice as much.
   rC:        It protects you from cold.
 k - a +0 helmet (worn)
 r - a +2 buckler
 u - a +1 cloak (worn)
 w - the +4 kite shield of Tangua (worn) {-Cast Will++ Slay+3 Stlth+}
   (Okawaru gifted it to you on level 3 of the Lair of Beasts)

   Slay:      It affects your accuracy & damage with ranged weapons and melee
   (+3).
   -Cast:     It prevents spellcasting.
   Will:      It greatly increases your willpower.
   Stlth:     It makes you more stealthy.
 y - a +2 chain mail of fire resistance
 D - a +0 pair of boots (worn)
Jewellery
 b - a +4 ring of protection (left hand)
 l - a ring of wizardry
 p - a ring of see invisible (right hand)
 v - a +6 ring of intelligence
 B - a ring of flight
Wands
 n - a wand of iceblast (3)
Scrolls
 c - 2 scrolls of fear
 o - 5 scrolls of teleportation
 q - a scroll of fog
 t - 2 scrolls of enchant weapon
 K - a scroll of identify
Potions
 a - a potion of invisibility {unknown}
 e - 3 potions of curing
 f - a potion of heal wounds
 g - 2 potions of mutation {unknown}
 m - 2 potions of flight
 s - 3 potions of brilliance {unknown}
 z - a potion of magic {unknown}
 A - a potion of haste {unknown}
 E - a potion of attraction {unknown}
 G - a potion of might
 L - a potion of cancellation {unknown}
 M - a potion of berserk rage {unknown}


   Skills:
 + Level 9.1 Fighting
 + Level 12.9 Axes
 + Level 9.3 Armour
 + Level 7.7 Shields
 + Level 0.5 Unarmed Combat
 * Level 7.8 Translocations
 * Level 8.9 Invocations


You had 11 spell levels left.
You knew the following spells:

 Your Spells              Type           Power      Damage    Failure   Level
a - Apportation           Tloc           30%        N/A       10%         1

Your spell library contained the following spells:

 Spells                   Type           Power      Damage    Failure   Level
 Blink                    Tloc           30%        N/A       14%         2
 Lesser Beckoning         Tloc           30%        N/A       14%         2
 Gell's Gravitas          Tloc           15%        N/A       28%         3
 Teleport Other           Tloc           15%        N/A       28%         3
 Momentum Strike          Conj/Tloc      14%        3d8       56%         2
 Portal Projectile        Hex/Tloc       14%        N/A       80%         3
 Beastly Appendage        Tmut           0%         N/A       93%         1
 Sting                    Tmut/Pois      0%         1d3       93%         1
 Poisonous Vapours        Pois/Air       0%         N/A       98%         2
 Wereblood                Tmut           0%         N/A       98%         2
 Hailstorm                Conj/Ice       0%         3d3       100%        3
 Ignite Poison            Fire/Tmut/Pois 0%         N/A       100%        3
 Inner Flame              Hex/Fire       0%         N/A       100%        3
 Spider Form              Tmut/Pois      0%         N/A       100%        3
 Flame Wave               Conj/Fire      0%         2d4       100%        4
 Olgreb's Toxic Radiance  Pois           0%         N/A       100%        4
 Sticky Flame             Conj/Fire      0%         2d3       100%        4
 Alistair's Intoxication  Tmut/Pois      0%         N/A       100%        5
 Blade Hands              Tmut           0%         N/A       100%        5
 Irradiate                Conj/Tmut      0%         3d11      100%        5
 Iskenderun's Battlesphe  Conj           0%         2d6       100%        5
 Dragon Form              Tmut           0%         N/A       100%        7
 Enfeeble                 Hex            0%         N/A       100%        7
 Ignition                 Fire           0%         3d3       100%        8
 Call Canine Familiar     Summ           Unusable   N/A       N/A         3
 Summon Mana Viper        Hex/Summ       Unusable   N/A       N/A         5

Dungeon Overview and Level Annotations

Branches:
Dungeon (8/15)             Temple (1/1) D:5            Lair (4/5) D:8
 Shoals (0/4) Lair:3       Spider (0/4) Lair:3        IceCv (1/1)
Volcano (visited)
  Slime: Lair:4-5

Altars:
Ashenzari
Cheibriados
Dithmenos
Elyvilon
Fedhas
Gozag
Hepliaklqana
Okawaru
Qazlal
Ru
Sif Muna
Uskayaw
Wu Jian
Xom
Yredelemnul
Zin

Portals:
Abyss: D:7

Annotations:
D:7 2 transporters, Foxy's ghost, novice KoBr
Lair:3 exclusion: oklob plant


Innate Abilities, Weirdness & Mutations

You are immune to sickness and miasma.
Your stone body is resilient. (AC +9)
You are immune to poison.
You resist negative energy. (rN+)
You are resistant to electric shocks. (rElec)
You are resistant to unholy torment.
You are immune to petrification.


Message History

You barely miss the quicksilver ooze.
The quicksilver ooze is moderately wounded.
You hit the azure jelly. You burn the azure jelly.
You block the quicksilver ooze's attack.
The quicksilver ooze closely misses you.
The azure jelly hits you but does no damage.
You block the azure jelly's attack.
The azure jelly hits you but does no damage.
The azure jelly barely misses you.
You block the quicksilver ooze's attack.
The quicksilver ooze barely misses you.
You hit the quicksilver ooze. You burn the quicksilver ooze.
The quicksilver ooze is moderately wounded.
You hit the azure jelly. You burn the azure jelly.
The quicksilver ooze hits you.
You block the quicksilver ooze's attack.
The azure jelly hits you but does no damage.
You block the azure jelly's attack. x2
The azure jelly hits you but does no damage.
The quicksilver ooze hits you.
* * * LOW HITPOINT WARNING * * *
The quicksilver ooze hits you but does no damage.
The azure jelly hits you but does no damage.
The azure jelly closely misses you.
The azure jelly hits you but does no damage. x2
You slip free of the ooze engulfing you.
The quicksilver ooze attacks as you move away!
The quicksilver ooze hits you.
The quicksilver ooze completely misses you.
The ooze engulfing you falls away.
You barely miss the quicksilver ooze.
The quicksilver ooze is moderately wounded.
You closely miss the azure jelly. The quicksilver ooze barely misses you.
The quicksilver ooze hits you.
* * * LOW HITPOINT WARNING * * *
You feel your power leaking away. The azure jelly hits you.
* * * LOW HITPOINT WARNING * * *
The azure jelly freezes you!! You resist.
You die...

.........#
###....########
#######.## ###.......#
#####.#####.......###
##...............#######
##........(..######.....#
.......##########........
.....##########......#...
..####.............#.....
...........#....@J..._.#
..####.....###...J.#.....
....###.....####.....#...
.............# ##........
##.........### ###.....#
########### ######


You could see an azure jelly and a quicksilver ooze.

Vanquished Creatures
  2 quicksilver oozes (IceCv)
  Josephine (Lair:3)
  A hydra (Lair:3)
  A catoblepas (Lair:2)
  3 death yaks (Lair:4)
  A deep elf archer (Volcano)
  5 deep elf pyromancers (Volcano)
  A black mamba (Lair:2)
  A merfolk siren (Lair:3)
  2 ice statues (IceCv)
  7 cane toads
  Psyche (D:8)
  2 rime drakes (Lair:4)
  2 komodo dragons
  A merfolk (Lair:3)
  7 dream sheep (Lair:4)
  Prince Ribbit (D:6)
  Sigmund (D:4)
  10 slime creatures (IceCv)
  A wyvern (Lair:1)
  3 wraiths (Lair:3)
  17 yaks
  2 basilisks
  5 fire elementals (Volcano)
  A steam dragon (D:7)
  2 wargs (D:8)
  7 hell hounds (Volcano)
  7 water moccasins
  3 orc warriors
  2 ice beasts (D:7)
  5 great orb of eyes simulacra (IceCv)
  A black bear (D:4)
  7 wolves
  2 centaurs
  A phantom (D:4)
  4 slime creature simulacra (IceCv)
  2 kobold brigands (D:8)
  A necrophage (D:7)
  8 bullfrogs
  A gnoll sergeant (D:5)
  3 scorpions
  8 wights (D:7)
  4 howler monkeys
  An electric eel (Lair:3)
  10 jellies
  A gnoll bouda (D:7)
  4 hounds
  7 orc priests
  Crazy Yiuf (D:3)
  5 iguanas
  7 orc wizards
  2 shapeshifter simulacra (IceCv)
  Robin (D:4)
  4 adders
  8 gnolls
  A shadow imp (D:8)
  3 white imps
  An ufetubus (D:6)
  A dart slug (D:4)
  28 orcs
  2 bats
  17 endoplasms
  4 giant cockroaches
  11 hobgoblins
  3 jackals (D:3)
  3 quokkas
  9 ball pythons
  3 frilled lizards
  21 goblins
  15 kobolds
  7 rats
327 creatures vanquished.

Vanquished Creatures (others)
  A glowing shapeshifter simulacrum (IceCv)
  A shapeshifter simulacrum (IceCv)
  15 fungi
  18 plants
35 creatures vanquished.

Grand Total: 362 creatures vanquished

Notes
Turn   | Place    | Note
-------+----------+-------------------------------------------
     0 | D:1      | bande the Gargoyle Fighter began the quest for the Orb.
     0 | D:1      | Reached XP level 1. HP: 14/14 MP: 1/1
   109 | D:1      | Reached XP level 2. HP: 18/19 MP: 2/2
   404 | D:1      | Reached skill level 2 in Axes
   445 | D:1      | Got Usiasago's Vellum of Limned Envenoming
   527 | D:1      | Reached XP level 3. HP: 20/23 MP: 3/3
  1360 | D:2      | Got Sif Muna's Dissertation on the Fateful Throng
  1648 | D:3      | Found a basalt altar of Yredelemnul.
  1653 | D:3      | Reached XP level 4. HP: 27/29 MP: 4/4
  1792 | D:3      | Found a runed translucent door.
  1793 | D:3      | Noticed Crazy Yiuf
  2044 | D:3      | Killed Crazy Yiuf
  2113 | D:4      | Reached skill level 3 in Axes
  2113 | D:4      | Reached XP level 5. HP: 33/33 MP: 5/5
  2143 | D:4      | Reached skill level 4 in Axes
  2143 | D:4      | Reached XP level 6. HP: 38/38 MP: 6/6
  2261 | D:4      | Reached XP level 7. HP: 44/44 MP: 7/7
  2414 | D:4      | Reached skill level 5 in Axes
  2414 | D:4      | Reached skill level 5 in Armour
  2442 | D:4      | Learned a level 1 spell: Apportation
  2455 | D:4      | Identified a scroll of acquirement
  2455 | D:4      | Acquired the +6 broad axe of Ascent {heavy, Fly rCorr Str+2
                  | Int-5 Stlth+}
  2497 | D:4      | Noticed Sigmund
  2501 | D:4      | Killed Sigmund
  2502 | D:4      | Reached skill level 1 in Translocations
  2690 | D:4      | Noticed Robin
  2699 | D:4      | Killed Robin
  2840 | D:5      | Entered Level 5 of the Dungeon
  2907 | D:5      | Reached skill level 5 in Fighting
  2929 | D:5      | Reached skill level 6 in Axes
  2929 | D:5      | Reached XP level 8. HP: 39/49 MP: 8/8
  3005 | D:5      | Found a staircase to the Ecumenical Temple.
  3014 | Temple   | Entered the Ecumenical Temple
  3156 | Temple   | Became a worshipper of Warmaster Okawaru
  3221 | D:5      | Found a shimmering altar of Xom.
  3223 | D:5      | Found a stormy altar of Qazlal.
  3521 | D:5      | Acquired the +7 Kryia's mail coat {PotionHeal*2 rC+}
  3521 | D:5      | Found the +7 Kryia's mail coat {PotionHeal*2 rC+}
  3534 | D:5      | Upgraded the game from 0.30-a0-639-g3916f1956a to
                  | 0.30-a0-652-gcc886f7154
  3848 | D:6      | Noticed Prince Ribbit
  3858 | D:6      | Killed Prince Ribbit
  3858 | D:6      | Reached * piety under Okawaru
  3859 | D:6      | Reached skill level 1 in Invocations
  4496 | D:7      | Reached skill level 7 in Axes
  4497 | D:7      | Reached XP level 9. HP: 54/54 MP: 10/10
  4523 | D:7      | Reached ** piety under Okawaru
  4524 | D:7      | Reached skill level 5 in Shields
  4547 | D:7      | Found a transporter.
  4549 | D:7      | Noticed a komodo dragon
  4561 | D:7      | Killed a komodo dragon
  4672 | D:7      | Noticed an ice devil
  4689 | D:7      | Found a transporter.
  4697 | D:7      | Noticed a toenail golem
  4850 | D:7      | Found a shimmering blue altar of Sif Muna.
  4942 | D:7      | Reached skill level 8 in Axes
  4942 | D:7      | Found a one-way gate to the infinite horrors of the Abyss.
  4942 | D:7      | Noticed Foxy's ghost (novice KoBr)
  4974 | D:7      | Reached *** piety under Okawaru
  5283 | D:8      | Found a staircase to the Lair.
  5289 | D:8      | Received a gift from Okawaru
  5291 | D:8      | Reached XP level 10. HP: 15/60 MP: 11/13
  5580 | D:8      | Noticed Psyche
  5588 | D:8      | Killed Psyche
  5860 | D:8      | Reached skill level 9 in Axes
  6206 | Lair:1   | Entered Level 1 of the Lair of Beasts
  6216 | Lair:1   | Noticed a cane toad
  6225 | Lair:1   | Killed a cane toad
  6240 | Lair:1   | Reached **** piety under Okawaru
  6282 | Lair:1   | Found a dark tunnel.
  6329 | Volcano  | Entered a volcano
  6337 | Volcano  | Reached skill level 5 in Invocations
  6492 | Volcano  | Noticed a deep elf pyromancer
  6492 | Volcano  | Noticed a deep elf pyromancer
  6497 | Volcano  | Noticed a deep elf pyromancer
  6503 | Volcano  | Killed a deep elf pyromancer
  6666 | Volcano  | Noticed a deep elf pyromancer
  6675 | Volcano  | Reached skill level 5 in Translocations
  6683 | Volcano  | Killed a deep elf pyromancer
  6687 | Volcano  | Killed a deep elf pyromancer
  6687 | Volcano  | Reached ***** piety under Okawaru
  6688 | Volcano  | Reached XP level 11. HP: 18/66 MP: 13/15
  6805 | Volcano  | Killed a deep elf pyromancer
  6805 | Volcano  | Received a gift from Okawaru
  6806 | Volcano  | Reached skill level 10 in Axes
  6918 | Volcano  | Noticed a deep elf archer
  6918 | Volcano  | Noticed a deep elf pyromancer
  6926 | Volcano  | Killed a deep elf pyromancer
  6931 | Volcano  | Killed a deep elf archer
  7055 | Lair:1   | Identified the +7 morningstar "Oxiyc" {flame, rN+ Int+4}
  7179 | Lair:1   | Received a gift from Okawaru
  7845 | Lair:2   | Noticed a catoblepas
  7854 | Lair:2   | Killed a catoblepas
  7856 | Lair:2   | Reached skill level 11 in Axes
  8058 | Lair:2   | Received a gift from Okawaru
  8152 | Lair:2   | Identified the +4 broad axe of Proximity {flame, Fragile
                  | Fly rN++} (Okawaru gifted it to you on level 2 of the Lair
                  | of Beasts)
  8152 | Lair:2   | Received a gift from Okawaru
  8160 | Lair:2   | Reached XP level 12. HP: 61/73 MP: 17/17
  8989 | Lair:3   | Found a hole to the Spider Nest.
  9013 | Lair:3   | Noticed a four-headed hydra
  9022 | Lair:3   | Killed a one-headed hydra
  9099 | Lair:3   | Identified the +8 trident of the Living Dead {freeze, rPois
                  | rC+}
  9554 | Lair:3   | Found a staircase to the Shoals.
  9579 | Lair:3   | Identified the +4 kite shield of Tangua {-Cast Will++
                  | Slay+3 Stlth+} (Okawaru gifted it to you on level 3 of the
                  | Lair of Beasts)
  9579 | Lair:3   | Received a gift from Okawaru
  9670 | Lair:3   | Noticed Josephine
  9675 | Lair:3   | Killed Josephine
  9907 | Lair:4   | Reached skill level 12 in Axes
  9924 | Lair:4   | Noticed a death yak
  9924 | Lair:4   | Noticed a death yak
  9924 | Lair:4   | Noticed a death yak
  9929 | Lair:4   | Found a frozen archway.
  9938 | Lair:4   | HP: 3/75 [death yak (9)]
  9941 | Lair:4   | Killed a death yak
  9943 | Lair:4   | Killed a death yak
  9944 | Lair:4   | Killed a death yak
  9944 | Lair:4   | Reached ****** piety under Okawaru
  9955 | IceCv    | Entered an ice cave
 10506 | IceCv    | Reached XP level 13. HP: 80/80 MP: 19/19
 11491 | IceCv    | Noticed a quicksilver ooze
 11507 | IceCv    | Killed a quicksilver ooze
 11507 | IceCv    | Received a gift from Okawaru
 11727 | IceCv    | Noticed a quicksilver ooze
 11739 | IceCv    | Killed a quicksilver ooze
 12744 | IceCv    | Found a viscous altar of Jiyva.
 12744 | IceCv    | Noticed an azure jelly
 12747 | IceCv    | Noticed a quicksilver ooze
 12758 | IceCv    | Demolished by an azure jelly

Illustrated notes

Levels and vault maps discovered:
D:1:      matt_arrival_grand_opening, layout_loops_corners
D:2:      layout_basic
D:3:      layout_basic, mainiacjoe_overflow_chevrons, uniq_crazy_yiuf_cottage
D:4:      layout_loops_cross, grunt_decor_arrowhead, uniq_robin, uniq_sigmund
D:5:      layout_basic, mainiacjoe_overflow_big_doors, minmay_temple_entry_mist,
          kennysheep_generic_room_12
D:6:      layout_layer_cave, uniq_prince_ribbit1
D:7:      layout_basic, mainiacjoe_overflow_paths,
          gammafunk_ghost_abyssal_escape
D:8:      layout_basic, erik_lair_orcish_takeover, uniq_psyche
Temple:   dpeg_five_rooms_temple
Lair:1:   layout_regular_city, nicolae_volcano_entry_two_sided,
          lemuel_fruit_fields, serial_bayou_shore_b, grunt_megastairs_2,
          lemuel_fruit_tree
Lair:2:   layout_chaotic_city, serial_bayou_crossing
Lair:3:   lemuel_slime, layout_loops_ring, elwin_shoals_entry_rooms,
          dummy_spider_entry, minivault_24, serial_bayou_shore_a,
          infiniplex_staircase_pool_2, uniq_josephine
Lair:4:   layout_small_grid, portal_ice_cave_rime
IceCv:    ice_cave_hellmonk_azure_passage

Skill      XL: |  1  2  3  4  5  6  7  8  9 10 11 12 13 |
---------------+----------------------------------------+-----
Axes           | 2 3 4 6 7 8 9 11 12 | 12.9
Armour         | 4 5 6 7 8 9 |  9.3
Fighting       | 4 5 6 7 8 9 |  9.1
Shields        | 4 5 6 7 |  7.7
Translocations | 1 2 4 5 6 7 |  7.8
Invocations    | 2 4 5 7 8 |  8.9
Unarmed Combat | |  0.5

Action                   |  1- 3 |  4- 6 |  7- 9 | 10-12 | 13-15 || total
-------------------------+-------+-------+-------+-------+-------++-------
Melee: War axe           |   133 |    59 |    14 |       |       ||   206
       Broad axe         |       |       |   117 |   303 |    73 ||   493
       Unarmed           |       |       |       |     5 |       ||     5
Invok: Heroism           |       |       |       |     2 |       ||     2
  Use: Scroll            |       |    10 |     8 |     5 |       ||    23
       Potion            |       |       |       |     5 |     2 ||     7
 Stab: Distracted        |       |       |       |     1 |       ||     1
Armor: Scale mail        |    52 |       |   105 |   277 |    74 ||   508
       Chain mail        |    24 |    26 |    48 |       |       ||    98
Dodge: Dodged            |    62 |    18 |    87 |   130 |    31 ||   328
Block: Buckler           |    31 |    12 |    71 |    98 |       ||   212
       Kite shield       |       |       |       |    46 |    73 ||   119

Table legend: (Time is in decaauts)
 A = Elapsed time spent in this place.
 B = Non-inter-level travel time spent in this place.
 C = Inter-level travel time spent in this place.
 D = Time resting spent in this place.
 E = Time spent auto-exploring this place.
 F = Levels seen in this place.
 G = Mean time per level.
                   A        B        C        D        E       F      G
               +--------+--------+--------+--------+--------+-----+--------+
         Total |  13093 |  12963 |    130 |   3748 |   6566 |  15 |  872.9 |
       Dungeon |   6219 |   6169 |     50 |    527 |   4280 |   8 |  777.4 |
        Temple |    196 |    116 |     80 |      0 |    105 |   1 |  196.0 |
          Lair |   3104 |   3104 |      0 |    251 |   2083 |   4 |  776.0 |
      Ice Cave |   2812 |   2812 |      0 |   2488 |     64 |   1 | 2812.0 |
       Volcano |    759 |    759 |      0 |    482 |     34 |   1 |  759.0 |
               +--------+--------+--------+--------+--------+-----+--------+

Top non-repeatable levels by time:
   IceCv: 2812 daAuts
  Lair:3: 1191 daAuts
     D:7: 996 daAuts
  Lair:1: 968 daAuts
     D:1: 896 daAuts
  Lair:2: 879 daAuts
     D:5: 836 daAuts
     D:8: 826 daAuts
     D:4: 763 daAuts
 Volcano: 759 daAuts
     D:3: 705 daAuts
     D:6: 626 daAuts
     D:2: 570 daAuts
  Temple: 196 daAuts
  Lair:4: 65 daAuts
